 Dungeon Crawl Stone Soup version 0.26-a0-504-g0cf647090d (webtiles) character file.

Game seed: 16849811327343421556

2 Ge0ff the Grasshopper (level 1, -3/17 HPs)
             Began as a Barachi Warper on Aug 8, 2020.
             Slain by a bullfrog (6 damage)
             ... on level 1 of the Dungeon.
             The game lasted 00:00:42 (86 turns).

Ge0ff the Grasshopper (Barachi Warper)                Turns: 86, Time: 00:00:43

Health: -3/17      AC:  3    Str: 12    XL:     1   Next: 40%
Magic:  3/3        EV: 12    Int: 13    God:
Gold:   11         SH:  0    Dex: 11    Spells: 4/4 levels left

rFire    . . .     SeeInvis .     - Unarmed
rCold    . . .     Faith    .   (no shield)
rNeg     . . .     Spirit   .   a - +0 leather armour
rPois    .         Reflect  .   (no helmet)
rElec    .         Harm     .   (no cloak)
rCorr    .                      (no gloves)
MR       .....                  (no boots)
Stlth    +.........             (no amulet)
HPRegen  0.05/turn              (no ring)
MPRegen  0.08/turn              (no ring)

@: can't hop, slow
A: +LOS, swims, slowness 1, strong legs 1
a: Hop


You were on level 1 of the Dungeon.
You visited 1 branch of the dungeon, and saw 2 of its levels.

You collected 11 gold pieces.

Inventory:

Missiles
 d - 5 boomerangs of dispersal (quivered) {don't train}
Armour
 a - a +0 leather armour (worn)
Scrolls
 B - a scroll of blinking
 C - a scroll of identify {unknown}
 D - a scroll of teleportation {unknown}
 E - a scroll of fog {unknown}


   Skills:
 - Level 2.4 Fighting
 - Level 1.0 Throwing
 - Level 1.2 Armour
 - Level 2.1 Dodging
 + Level 2.5 Unarmed Combat
 - Level 2.1 Spellcasting
   Level 3.2 Translocations


You had 4 spell levels left.
You didn't know any spells.
Your spell library contained the following spells:

 Spells                   Type           Power        Failure   Level
 Blink                    Tloc           N/A          12%         2
 Gell's Gravitas          Tloc           #.........   24%         3
 Lesser Beckoning         Tloc           #.........   24%         3
 Teleport Other           Tloc           #.......     24%         3
 Passage of Golubria      Tloc           N/A          63%         4


Dungeon Overview and Level Annotations

Branches:
Dungeon (2/15)

Altars:


Innate Abilities, Weirdness & Mutations

You can be seen from farther away. (+LOS)
You can swim through water.
You cover ground slowly.
You can hop short distances.


Message History

The bullfrog hits you.
There is a stone staircase leading up here.
The bullfrog hits you.
* * * LOW HITPOINT WARNING * * *
You climb upwards.
A leopard gecko and a kobold come into view.
Found 10 gold pieces, a scroll labeled OPINTU TOM YSO and a golden potion.
There is a stone staircase leading down here.
You aren't carrying any potions.
You completely miss the bullfrog. The bullfrog closely misses you.
The bullfrog barely misses you.
You hit the bullfrog.
The bullfrog is moderately wounded.
The leopard gecko hisses angrily.
The bullfrog hits you.
* * * LOW HITPOINT WARNING * * *
You hit the bullfrog.
The bullfrog is moderately wounded.
The bullfrog hits you.
You die...

#. #.# #.# #.# ..
#.# #####.##.#
.......#.#
.......#.#
.....l...###.##..
.......K.........
........@#
######...F#
#...... #.?......
#..........
#....!......
#....##+####
#....# #....#


You could see a bullfrog, a leopard gecko and a kobold.

Vanquished Creatures
  A goblin (D:1)
  A hobgoblin (D:2)
2 creatures vanquished.

Notes
Turn   | Place    | Note
-------+----------+-------------------------------------------
     0 | D:1      | Ge0ff the Barachi Warper began the quest for the Orb.
     0 | D:1      | Reached XP level 1. HP: 17/17 MP: 3/3
    79 | D:2      | Noticed a bullfrog
    86 | D:1      | Slain by a bullfrog

Illustrated notes

Levels and vault maps discovered:
D:1:      matt_arrival_spirals, layout_basic
D:2:      layout_rooms, vehumet_crystals, kennysheep_slug_shrine,
          minmay_statues_item

Action                   || total
-------------------------++-------
Melee: Unarmed           ||    19
 Abil: Hop               ||     1
Armor: Leather armour    ||     2
Dodge: Dodged            ||    12

Table legend: (Time is in decaauts)
 A = Elapsed time spent in this place.
 B = Non-inter-level travel time spent in this place.
 C = Inter-level travel time spent in this place.
 D = Time resting spent in this place.
 E = Time spent auto-exploring this place.
 F = Levels seen in this place.
 G = Mean time per level.
                   A        B        C        D        E       F      G
               +--------+--------+--------+--------+--------+-----+--------+
         Total |     96 |     96 |      0 |      0 |      0 |   2 |   48.0 |
       Dungeon |     96 |     96 |      0 |      0 |      0 |   2 |   48.0 |
               +--------+--------+--------+--------+--------+-----+--------+

Top non-repeatable levels by time:
     D:1: 50 daAuts
     D:2: 45 daAuts
